 Dungeon Crawl Stone Soup version 0.28.0 (webtiles) character file.

Game seed: 13119030742105968797

240 Sanktem7 the Chopper (level 5, 0/47 HPs)
             Began as a Minotaur Fighter on Feb 14, 2022.
             Slain by an orc (5 damage)
             ... on level 3 of the Dungeon.
             The game lasted 00:04:00 (2619 turns).

Sanktem7 the Chopper (Minotaur Fighter)             Turns: 2619, Time: 00:04:00

Health: 0/47       AC:  9    Str: 28    XL:     5   Next: 80%
Magic:  4/4        EV:  8    Int:  5    God:
Gold:   101        SH:  4    Dex: 10    Spells: 4/4 levels left

rFire   . . .      SeeInvis +   a - +0 war axe
rCold   . . .      Faith    .   c - +0 buckler
rNeg    . . .      Spirit   .   l - +0 chain mail
rPois   .          Reflect  .   (helmet restricted)
rElec   .          Harm     .   (no cloak)
rCorr   .          Rampage  .   (no gloves)
Will    .....                   (no boots)
Stlth   ..........              (no amulet)
HPRegen 0.15/turn               n - ring of see invisible
MPRegen 0.09/turn               p - +6 ring of strength

@: no status effects
A: horns 2, retaliatory headbutt
a: no special abilities


You were on level 3 of the Dungeon.
You visited 1 branch of the dungeon, and saw 4 of its levels.

You collected 101 gold pieces.

Inventory:

Hand Weapons
 a - a +0 war axe (weapon)
Missiles
 h - 6 boomerangs (quivered)
Armour
 c - a +0 buckler (worn)
 l - a +0 chain mail (worn)
Jewellery
 n - a ring of see invisible (left hand)
 p - a +6 ring of strength (right hand)
Scrolls
 b - a scroll of immolation {unknown}
 g - 3 scrolls of enchant weapon {unknown}
 i - a scroll of amnesia {unknown}
 j - 2 scrolls of teleportation {unknown}
 k - 3 scrolls of identify {unknown}
 o - a scroll of torment {unknown}
 r - a scroll of holy word {unknown}
Potions
 d - 2 potions of might
 e - a potion of heal wounds {unknown}
 f - a potion of invisibility {unknown}
 m - a potion of haste {unknown}
 q - a potion of lignification {unknown}


   Skills:
 * Level 4.8 Fighting
 * Level 5.7 Axes
 * Level 5.0 Armour
 + Level 0.1 Dodging
 - Level 3.6 Shields
 + Level 0.1 Unarmed Combat


You had 4 spell levels left.
You didn't know any spells.
Your spell library contained the following spells:

 Spells                   Type           Power      Damage    Failure   Level
 Blink                    Tloc           0%         N/A       99%         2
 Lesser Beckoning         Tloc           0%         N/A       100%        3
 Manifold Assault         Tloc           0%         N/A       100%        5


Dungeon Overview and Level Annotations

Branches:
Dungeon (4/15)
 Temple: D:4-7

Altars:
Yredelemnul

Shops:
D:2 =

Portals:
Sewer: D:3


Innate Abilities, Weirdness & Mutations

You have a pair of horns on your head.
You reflexively headbutt those who attack you in melee.


Message History

The orc barely misses you.
You slash the orc!
You kill the orc!
You completely miss the rat.
The rat twitches its whiskers.
The rat bites you but does no damage. The orc hits you but does no damage.
Your Armour skill increases to level 5!
You hit the orc but do no damage. You hit the rat.
You kill the rat!
The orc hits you but does no damage.
The orc hits you from afar with a +0 trident!
The orc hits you but does no damage.
You closely miss the orc. You hit the rat.
You kill the rat!
The orc hits you from afar with a +0 trident.
* * * LOW HITPOINT WARNING * * *
You block the orc's attack.
You barely miss the orc. Your headbutt misses the orc.
You barely miss the river rat.
The river rat bites you but does no damage.
The orc hits you but does no damage. x2
You slash the orc!
You kill the orc!
You closely miss the river rat.
The river rat bites you but does no damage.
The orc hits you from afar with a +0 trident.
* * * LOW HITPOINT WARNING * * *
You block the river rat's attack. You block the orc's attack.
You barely miss the river rat. The orc hits you but does no damage.
You block the river rat's attack.
You barely miss the river rat.
The river rat bites you but does no damage.
The orc closely misses you.
You closely miss the river rat. The river rat closely misses you.
The orc hits you from afar with a +0 trident!
* * * LOW HITPOINT WARNING * * *
You barely miss the river rat.
You hear the brisk rusting of a drain.
The orc hits you from afar with a +0 trident.
You die...

#...# #..># #.### ###
#.# #.. #.# # ###.###
#.# #.#.# ..... #.#
.....g###o#########.#
.....rr@)...........#
≈≈≈..w###.###########
≈≈≈≈. #.# ≈∩≈≈ #.#
≈≈≈ ..# ≈≈ ### .


You could see a worm, a river rat, an orc, a hobgoblin and a rat.

Vanquished Creatures
  An orc priest (D:3)
  A jelly (D:4)
  Ijyb (D:3)
  Terence (D:3)
  4 adders
  A river rat (D:3)
  An ufetubus (D:4)
  A worm (D:2)
  2 dart slugs
  5 orcs (D:3)
  5 bats
  6 endoplasms
  4 giant cockroaches
  7 goblins
  5 hobgoblins
  2 jackals (D:3)
  4 quokkas
  7 ball pythons
  2 frilled lizards
  3 kobolds
  8 rats
71 creatures vanquished.

Notes
Turn   | Place    | Note
-------+----------+-------------------------------------------
     0 | D:1      | Sanktem7 the Minotaur Fighter began the quest for the Orb.
     0 | D:1      | Reached XP level 1. HP: 19/19 MP: 0/0
   110 | D:1      | Reached XP level 2. HP: 22/27 MP: 1/1
   910 | D:1      | Reached XP level 3. HP: 33/33 MP: 2/2
  1443 | D:2      | Found Ubbur's Jewellery Shoppe.
  1631 | D:2      | Reached XP level 4. HP: 41/41 MP: 3/3
  1661 | D:2      | You fall into a shaft and drop 2 floors!
  2238 | D:3      | Found a basalt altar of Yredelemnul.
  2280 | D:3      | Reached XP level 5. HP: 16/47 MP: 4/4
  2568 | D:3      | Found a glowing drain.
  2568 | D:3      | Noticed Terence
  2575 | D:3      | Reached skill level 5 in Axes
  2577 | D:3      | Noticed Ijyb
  2579 | D:3      | Killed Terence
  2609 | D:3      | Killed Ijyb
  2612 | D:3      | Reached skill level 5 in Armour
  2619 | D:3      | Slain by an orc

Illustrated notes

Levels and vault maps discovered:
D:1:      dpeg_arrival_houses_and_road, layout_basic
D:2:      layout_basic, serial_shops, nicolae_shop_behind_doors,
          shapermc_ecumenical_altar_mp_vishouse, grunt_decor_cap, uniq_robin
D:3:      layout_basic, mainiacjoe_overflow_paths, portal_sewer_entry_a,
          nicolae_concentric_dashed_squares_wild, uniq_ijyb, uniq_terence
D:4:      layout_basic

Skill      XL: |  1  2  3  4  5 |
---------------+----------------+-----
Fighting       | 4 |  4.8
Armour         | 4 5 |  5.0
Axes           | 3 4 5 |  5.7
Dodging        | |  0.1
Shields        | |  3.6
Unarmed Combat | |  0.1

Action                   |  1- 3 |  4- 6 || total
-------------------------+-------+-------++-------
Melee: War axe           |    72 |    65 ||   137
       Headbutt          |     7 |    10 ||    17
       Unarmed           |       |    25 ||    25
Armor: Scale mail        |    21 |       ||    21
       Chain mail        |    23 |    38 ||    61
       Skin              |       |     8 ||     8
Dodge: Dodged            |    29 |    66 ||    95
Block: Buckler           |    19 |    18 ||    37
